 Dungeon Crawl Stone Soup version 0.29.1-12-g30fa7ad0bf (webtiles) character file.

Game seed: 10577046291173357314

95 112233 the Magician (level 4, 0/24 HPs)
             Began as a Deep Elf Conjurer on Dec 25, 2022.
             Killed from afar by Natasha (6 damage)
             ... with a magic dart
             ... on level 3 of the Dungeon.
             The game lasted 00:01:16 (2001 turns).

112233 the Magician (Deep Elf Conjurer)             Turns: 2001, Time: 00:01:17

Health: 0/24       AC:  2    Str:  4    XL:     4   Next: 39%
Magic:  6/14       EV: 12    Int: 25    God:
Gold:   96         SH:  0    Dex: 13    Spells: 9/15 levels left

rFire   . . .      SeeInvis .   o - +2 dagger (venom)
rCold   . . .      Faith    .   (no shield)
rNeg    . . .      Spirit   .   a - +0 robe
rPois   .          Reflect  .   (no helmet)
rElec   .          Harm     .   (no cloak)
rCorr   .          Rampage  .   (no gloves)
Will    .....                   (no boots)
Stlth   ++........              (no amulet)
HPRegen 0.08/turn               (no ring)
MPRegen 0.14/turn               (no ring)

@: no status effects
A: no striking features
a: no special abilities


You were on level 3 of the Dungeon.
You visited 1 branch of the dungeon, and saw 3 of its levels.

You collected 96 gold pieces.

Inventory:

Hand Weapons
 h - the +7 whip of Subjectivity {antimagic, rPois rN+}
   (You took it off a goblin on level 2 of the Dungeon)

   It reduces the magical energy of the wielder, and disrupts the spells and
   magical abilities of those it strikes.
   Natural abilities and divine invocations are not affected.
   rPois:     It protects you from poison.
   rN:        It protects you from negative energy.
 k - a +0 spear
 o - a +2 dagger of venom (weapon)
Missiles
 f - 3 datura-tipped darts
Armour
 a - a +0 robe (worn)
 j - a +0 pair of gloves
Jewellery
 e - the ring "Puawait" {Ice *Corrode Str+7}
   (You found it on level 2 of the Dungeon)

   [ring of ice]

   It enhances your ice magic.
   Str:       It affects your strength (+7).
   rF:        It makes you vulnerable to fire.
   rC:        It protects you from cold.
   *Corrode:  It may corrode you when you take damage.
 p - a +6 ring of strength
Scrolls
 c - 2 scrolls of identify {unknown}
 d - a scroll of fear {unknown}
 g - a scroll of vulnerability {unknown}
 m - a scroll of teleportation {unknown}
 q - 2 scrolls of magic mapping {unknown}
 s - a scroll of poison {unknown}
Potions
 b - a potion of magic
 i - a potion of brilliance {unknown}
 l - 2 potions of curing {unknown}
 n - a potion of mutation {unknown}
 r - a potion of resistance {unknown}
 t - a potion of haste {unknown}


   Skills:
 - Level 2.4 Dodging
 - Level 2.4 Stealth
 + Level 6.3 Spellcasting
 + Level 4.4 Conjurations


You had 9 spell levels left.
You knew the following spells:

 Your Spells              Type           Power      Damage    Failure   Level
a - Magic Dart            Conj           100%       1d8       1%          1
b - Searing Ray           Conj           60%        2d6       1%          2
c - Dazzling Flash        Conj/Hex       38%        N/A       9%          3

Your spell library contained the following spells:

 Spells                   Type           Power      Damage    Failure   Level
 Confusing Touch          Hex            7%         N/A       22%         3
 Fulminant Prism          Conj/Hex       9%         3d7       28%         4
 Iskenderun's Mystic Bla  Conj/Tloc      19%        2d6       28%         4
 Yara's Violent Unravell  Hex/Tmut       3%         3d4       90%         5
 Enfeeble                 Hex            3%         N/A       100%        7


Dungeon Overview and Level Annotations

Branches:
Dungeon (3/15)

Altars:
Ashenzari
Ru
Sif Muna

Annotations:
D:3 Natasha


Message History

Natasha hisses angrily.
Natasha stares at you and mumbles some strange words.
You resist with some effort.
Natasha is nearby!
Casting: Magic Dart (safe; 1% risk of failure)
Confirm with . or Enter, or press ? or * to list all spells.
Aiming: Searing Ray (safe; 1% risk of failure)
Press: ? - help, Shift-Dir - straight line, f - Natasha
Aim: Natasha (74% to hit)
The searing ray hits Natasha!
Natasha is heavily wounded. (Press . to maintain the ray.) Natasha casts a spell at you.
The magic dart hits you!
The searing ray hits Natasha.
Natasha is severely wounded.
Natasha stares at you and mumbles some strange words.
You resist with some effort.
The searing ray misses Natasha.
Natasha claws you.
Unknown command.
The searing ray misses Natasha.
You finish channelling your searing ray.
Natasha claws you.
* * * LOW HITPOINT WARNING * * *
Unknown command.
Casting: Searing Ray (safe; 1% risk of failure)
Confirm with . or Enter, or press ? or * to list all spells.
Aiming: Searing Ray (safe; 1% risk of failure)
Press: ? - help, Shift-Dir - straight line, f/p - Natasha
Aim: Natasha (severely wounded, 74% to hit)
The searing ray misses Natasha. (Press . to maintain the ray.) Natasha closely misses you.
Unknown command.
The searing ray misses Natasha.
Natasha barely misses you.
Unknown command.
The searing ray misses Natasha.
Natasha casts a spell at you. The magic dart hits you.
You die...

..#........ #.....###.
....#.....# ###.#..#.#
##.##.#.#.# ##
#.#.#.## ...........
.. #.#.#...
##.##.#.#.#. #.
#.#.#..# ...# ... #.
#.#.#..# .#.# .# #.
#....... .#.####.#
#.#.#h###### #####.##
........# #.....@(...#
#...
##............#.###..#
#### ########### ##
#..# #..# #..# #..#
####### ########
#..######......
.......#
#.......#.#####
#.##...# #.#####.#.#


You could see Natasha.

Vanquished Creatures
  2 adders
  4 gnolls (D:2)
  2 worms (D:2)
  A bat (D:2)
  An endoplasm (D:2)
  3 giant cockroaches
  5 goblins
  3 hobgoblins
  2 jackals (D:1)
  3 kobolds (D:3)
  3 ball pythons
  2 frilled lizards (D:2)
  4 rats
35 creatures vanquished.

Notes
Turn   | Place    | Note
-------+----------+-------------------------------------------
     0 | D:1      | 112233 the Deep Elf Conjurer began the quest for the Orb.
     0 | D:1      | Reached XP level 1. HP: 10/10 MP: 6/6
   200 | D:2      | Identified the ring "Puawait" {Ice *Corrode Str+7}
   207 | D:2      | Reached skill level 4 in Spellcasting
   207 | D:2      | Reached XP level 2. HP: 15/15 MP: 6/9
   293 | D:2      | Learned a level 2 spell: Searing Ray
   507 | D:2      | Identified the +7 whip of Subjectivity {antimagic, rPois
                  | rN+}
   693 | D:2      | Reached XP level 3. HP: 19/19 MP: 6/11
   741 | D:2      | Reached skill level 5 in Spellcasting
  1024 | D:2      | Reached skill level 6 in Spellcasting
  1024 | D:2      | Reached XP level 4. HP: 24/24 MP: 8/14
  1864 | D:3      | Learned a level 3 spell: Dazzling Flash
  1900 | D:3      | Found a sacrificial altar of Ru.
  1900 | D:3      | Found a shimmering blue altar of Sif Muna.
  1901 | D:3      | Found a broken altar of Ashenzari.
  1994 | D:3      | Noticed Natasha
  2001 | D:3      | Killed from afar by Natasha

Illustrated notes

Levels and vault maps discovered:
D:1:      lemuel_arrival_lava_pool, layout_rooms,
          shapermc_ecumenical_altar_ellora, minmay_close_crescents
D:2:      layout_basic
D:3:      layout_loops_ring, nicolae_overflow_hidden_temple, uniq_natasha

Skill      XL: |  1  2  3 |
---------------+----------+-----
Spellcasting   | 4 6 |  6.3
Dodging        | |  2.4
Stealth        | |  2.4
Conjurations   | |  4.4

Action                   |  1- 3 |  4- 6 || total
-------------------------+-------+-------++-------
 Cast: Magic Dart        |    59 |    19 ||    78
       Searing Ray       |     3 |     2 ||     5
Dodge: Dodged            |     2 |     2 ||     4
